 Dungeon Crawl Stone Soup version 0.21-a0-529-g8c7b3f5 (webtiles) character file.

10 slep the Chopper (level 2, 0/15 HPs)
             Began as a Vine Stalker Gladiator on Dec 12, 2017.
             Slain by a jackal (1 damage)
             ... on level 1 of the Dungeon.
             The game lasted 00:00:46 (286 turns).

slep the Chopper (Vine Stalker Gladiator)            Turns: 286, Time: 00:00:47

Health: 0/15       AC:  4    Str: 16    XL:     2   Next: 20%
Magic:  0/3        EV: 12    Int:  8    God:
Gold:   15         SH:  0    Dex: 15    Spells: 1/1 levels left

rFire    . . .     SeeInvis .   a - +0 war axe
rCold    . . .     Gourm    .   (no shield)
rNeg     . . .     Faith    .   b - +0 leather armour
rPois    .         Spirit   +   c - +0 helmet
rElec    .         Reflect  .   (no cloak)
rCorr    .         Harm     .   (no gloves)
MR       .....                  (no boots)
Stlth    +.........             (no amulet)
HPRegen  0.05/turn              (no ring)
MPRegen  0.08/turn              (no ring)

@: no status effects
A: fangs 2, magic shield, antimagic bite, no potion heal 3, rot immunity
a: no special abilities


You were on level 1 of the Dungeon.
You were not hungry.

You visited 1 branch of the dungeon, and saw 1 of its levels.

You collected 15 gold pieces.

Inventory:

Hand Weapons
 a - a +0 war axe (weapon)
Missiles
 d - 3 throwing nets (quivered)
Armour
 b - a +0 leather armour (worn)
 c - a +0 helmet (worn)
Scrolls
 e - 2 scrolls of magic mapping {unknown}
 h - a scroll of immolation {unknown}
Comestibles
 f - a bread ration
 g - a meat ration


   Skills:
 + Level 2.0 Fighting
 + Level 2.9 Axes
 + Level 1.9 Throwing
 + Level 2.5 Dodging


You had one spell level left.
You didn't know any spells.

Dungeon Overview and Level Annotations

Branches:
Dungeon (1/15)

Altars:


Innate Abilities, Weirdness & Mutations

You have extremely sharp teeth.
When hurt, damage is shared between your health and your magic reserves.
Your bite disrupts and absorbs the magic of your enemies.
Potions cannot restore your health.
You are immune to rotting.


Message History

The jackal closely misses you. The jackal misses you.
The jackal closely misses you.
You closely miss the jackal.
The jackal is severely wounded.
You hit the jackal but do no damage.
The jackal bites you but does no damage.
The jackal barely misses you. The jackal closely misses you. x2
You barely miss the jackal. Your bite misses the jackal.
The jackal is severely wounded.
You closely miss the jackal.
The jackal bites you but does no damage.
The jackal bites you.
* * * LOW HITPOINT WARNING * * *
The jackal barely misses you. The jackal completely misses you.
You barely miss the jackal.
The jackal is severely wounded.
You barely miss the jackal. The jackal bites you.
* * * LOW HITPOINT WARNING * * *
The jackal bites you. x2
You die...

..####......# #.#..
...........)# #.#..
#?.........## #.#..
#...........###.#..
#..................
#.........#..##.#..
#..†......##.##.#..
#hh†.....(##..#.#..
#.@..##.#####.#.#..
#....##.# #.#(#..
#....##.# #...###
+....+..# ##..#
#....#### #..###
###### ##>... #####


You could see 2 jackals.

Vanquished Creatures
  A leopard gecko (D:1)
  A giant cockroach (D:1)
  A hobgoblin (D:1)
  A jackal (D:1)
  A kobold (D:1)
  2 frilled lizards (D:1)
  2 rats (D:1)
9 creatures vanquished.

Notes
Turn   | Place    | Note
-------+----------+-------------------------------------------
     0 | D:1      | slep the Vine Stalker Gladiator began the quest for the Orb.
     0 | D:1      | Reached XP level 1. HP: 11/11 MP: 2/2
   269 | D:1      | Reached XP level 2. HP: 9/15 MP: 3/3
   286 | D:1      | Slain by a jackal

Vault maps used:
D:1:      giann_wishing_wells, minmay_misc_feat_more_columns

Skill      XL: |  1  2 |
---------------+-------+-----
Fighting       | 2 |  2.0
Axes           | |  2.9
Throwing       | |  1.9
Dodging        | |  2.5

Action                   || total
-------------------------++-------
Melee: War axe           ||    25
       Bite              ||     7
Armor: Leather armour    ||    13
Dodge: Dodged            ||    22

Table legend:
 A = Spawn XP
 B = Non-spawn XP
 C = Spawn XP percentage of total XP
 D = Spawn monster count
 E = Non-spawn monster count
 F = Spawn count percentage of total count
 G = Total turns spent on level
                    A         B        C        D         E        F      G
               +---------+---------+-------+---------+---------+-------+---------
         Total |       0 |      15 |   0.0 |       0 |       9 |   0.0 |   286
               +---------+---------+-------+---------+---------+-------+---------
           D:1 |       0 |      15 |   0.0 |       0 |       9 |   0.0 |   286
               +---------+---------+-------+---------+---------+-------+---------
